 Dungeon Crawl Stone Soup version 0.25.1-2-g60ff931df9 (webtiles) character file.

Game seed: 7731581612635273892

277 Curus the Cudgeler (level 6, -6/51 HPs)
             Began as a Minotaur Fighter on Aug 13, 2020.
             Was an Initiate of Trog.
             Mangled by Pikel
             ... wielding a +0 whip of electrocution
              (15 damage)
             ... on level 4 of the Dungeon.
             The game lasted 00:17:01 (2864 turns).

Curus the Cudgeler (Minotaur Fighter)               Turns: 2864, Time: 00:17:01

Health: -6/51      AC:  9    Str: 19 (21) XL:     6   Next: 4%
Magic:  5/5        EV:  5    Int:  7      God:    Trog [......]
Gold:   169        SH: 10    Dex:  7 (9)  Spells: 5/5 levels left

rFire    . . .     SeeInvis +   a - +0 flail
rCold    . . .     Gourm    .   c - +2 kite shield
rNeg     . . .     Faith    +   p - +0 chain mail
rPois    .         Spirit   .   (helmet restricted)
rElec    .         Reflect  .   (no cloak)
rCorr    .         Harm     .   (no gloves)
MR       .....                  (no boots)
Stlth    ..........             e - amulet of faith
HPRegen  0.17/turn              i - ring of flight
MPRegen  0.09/turn              g - ring of see invisible

@: mighty
A: retaliatory headbutt, horns 2
a: Renounce Religion, Evoke Flight


You were on level 4 of the Dungeon.
You worshipped Trog.
Trog was noncommittal.
You were hungry.

You visited 1 branch of the dungeon, and saw 4 of its levels.

You collected 169 gold pieces.

Inventory:

Hand Weapons
 a - a +0 flail (weapon)
Armour
 b - a +0 scale mail
 c - a +2 kite shield (worn)
 p - a +0 chain mail (worn)
Jewellery
 e - an amulet of faith (around neck)
 g - a ring of see invisible (right hand)
 i - a ring of flight (left hand)
Wands
 q - a wand of digging (3)
Scrolls
 h - 3 scrolls of identify
 k - 3 scrolls of teleportation
 l - 4 scrolls of remove curse
 m - a scroll of blinking
 n - a scroll of magic mapping
Potions
 d - a potion of might
 j - 2 potions of lignification
Comestibles
 f - 7 rations
 o - 8 chunks of flesh


   Skills:
 - Level 3.6 Fighting
 + Level 7.7 Maces & Flails
 - Level 3.6 Armour
 - Level 3.6 Shields


You had 5 spell levels left.
You didn't know any spells.
Your spell library was empty.

Dungeon Overview and Level Annotations

Branches:
Dungeon (4/15)
 Temple: D:4-7

Altars:
Elyvilon
Hepliaklqana
Ru
Sif Muna
Trog
Zin

Annotations:
D:4 Pikel


Innate Abilities, Weirdness & Mutations

You reflexively headbutt those who attack you in melee.
You have a pair of horns on your head.


Message History

Pikel is severely wounded.
The slave hits you. The slave barely misses you.
Pikel hits you but does no damage. The slave hits you but does no damage.
You sock Pikel!
Pikel is almost dead.
You block the slave's attack. x2
Pikel hits you with a +0 whip of electrocution.
The slave hits you but does no damage.
Your shield and chain mail prevent you from hitting Pikel.
Pikel is almost dead.
The slave hits you but does no damage. x3
Pikel hits you with a +0 whip of electrocution.
The ogre hits you with a +0 giant club!!
* * * LOW HITPOINT WARNING * * *
Your shield and chain mail prevent you from hitting Pikel.
Pikel is almost dead.
The slave hits you but does no damage. The slave barely misses you.
You furiously retaliate!
You headbutt the slave. Pikel hits you but does no damage.
You are electrocuted!
You die...

#...##..#....[......
#..
##....####.#..######+
#.....##......##
#......##......##
#................
#............>....
#........##...%....
#..........O##.....
.........p@p....###
........##Kp...##
...##.# .p.......
..... .....%.... ..
........... .
............
.#..#........
#$.###.....##.


You could see Pikel, an ogre and 4 slaves.

Vanquished Creatures
  A hound (D:4)
  Ijyb (D:4)
  Terence (D:3)
  A worker ant (D:4)
  3 gnolls (D:2)
  5 adders (D:2)
  2 oozes
  An adder skeleton (D:2)
  6 dart slugs
  3 leopard geckos
  6 giant cockroaches
  6 goblins
  6 hobgoblins
  8 jackals
  A ball python (D:3)
  4 bats
  3 frilled lizards
  10 kobolds
  4 rats
72 creatures vanquished.

Notes
Turn   | Place    | Note
-------+----------+-------------------------------------------
     0 | D:1      | Curus the Minotaur Fighter began the quest for the Orb.
     0 | D:1      | Reached XP level 1. HP: 19/19 MP: 0/0
   145 | D:1      | Reached skill level 3 in Maces & Flails
   149 | D:1      | Reached XP level 2. HP: 23/26 MP: 1/1
   384 | D:1      | Reached skill level 4 in Maces & Flails
   496 | D:1      | Reached XP level 3. HP: 31/31 MP: 2/2
   899 | D:2      | Reached skill level 5 in Maces & Flails
  1028 | D:2      | Reached XP level 4. HP: 30/39 MP: 3/3
  1246 | D:2      | Reached skill level 6 in Maces & Flails
  1248 | D:2      | Found a shimmering blue altar of Sif Muna.
  1248 | D:2      | Found a sacrificial altar of Ru.
  1851 | D:2      | Reached XP level 5. HP: 45/45 MP: 4/4
  2268 | D:3      | Found a glowing silver altar of Zin.
  2269 | D:3      | Found a white marble altar of Elyvilon.
  2271 | D:3      | Found a bloodstained altar of Trog.
  2273 | D:3      | Found a hazy altar of Hepliaklqana.
  2292 | D:3      | Became a worshipper of Trog the Wrathful
  2338 | D:3      | Noticed Terence
  2361 | D:3      | Killed Terence
  2646 | D:4      | Reached skill level 7 in Maces & Flails
  2803 | D:4      | Noticed Ijyb
  2814 | D:4      | Killed Ijyb
  2814 | D:4      | Reached XP level 6. HP: 49/51 MP: 5/5
  2849 | D:4      | Noticed a slave
  2851 | D:4      | Noticed a slave
  2852 | D:4      | Noticed Pikel
  2852 | D:4      | Noticed a slave
  2852 | D:4      | Noticed a slave
  2864 | D:4      | Mangled by Pikel

Illustrated notes

Levels and vault maps discovered:
D:1:      saegor_arrival_under_anarchy, layout_loops_cross, minivault_27
D:2:      layout_basic, hangedman_ru_absence, overflow_temple_1_default
D:3:      layout_rooms, minitemple, uniq_terence
D:4:      layout_cave_pools, cheibriados_altar_1, kennysheep_mini,
          minmay_temple_entry_wispy, kennysheep_generic_room_12, uniq_ijyb,
          uniq_pikel

Skill      XL: |  1  2  3  4  5 |
---------------+----------------+-----
Maces & Flails | 3 4 5 6 7 |  7.7
Fighting       | |  3.6
Armour         | |  3.6
Shields        | |  3.6

Action                   |  1- 3 |  4- 6 || total
-------------------------+-------+-------++-------
Melee: Flail             |    81 |   174 ||   255
       Headbutt          |    11 |    17 ||    28
  Use: Scroll            |     7 |     1 ||     8
       Potion            |     2 |     6 ||     8
  Eat: Chunk             |       |     6 ||     6
Armor: Scale mail        |    25 |    32 ||    57
       Chain mail        |       |    62 ||    62
Dodge: Dodged            |    24 |    42 ||    66
Block: Kite shield       |    44 |   117 ||   161
